 Dungeon Crawl Stone Soup version bcrawl-1.21.2-1-g32d02e0829 (webtiles) character file.

Game seed: 2962309113844237366

1579 Mrkan the Twirler (level 8, -9/62 HPs)
             Began as a Demonspawn Gladiator on Feb 19, 2020.
             Was an Initiate of Ru.
             Mangled by a green ugly thing (11 damage)
             ... on level 6 of the Dungeon.
             The game lasted 00:07:52 (5558 turns).

Mrkan the Twirler (Demonspawn Gladiator)            Turns: 5558, Time: 00:07:52

Health: -9/62      AC: 11    Str: 16    XL:     8   Next: 60%
Magic:  8/8        EV:  9    Int:  9    God:    Ru [......]
Gold:   234        SH:  0    Dex: 16    Spells: 7/7 levels left

rFire    . . .     SeeInvis .   a - +0 quarterstaff
rCold    . . .     Gourm    .   (shield currently unavailable)
rNeg     . . .     Faith    .   h - +0 chain mail
rPois    .         Spirit   .   (helmet restricted)
rElec    .         Reflect  .   t - +0 cloak
rCorr    .         Harm     .   (no gloves)
MR       .....                  (no boots)
Stlth    ..........             (no amulet)
HPRegen  0.00/turn              (no ring)
MPRegen  0.11/turn              (no ring)

@: lethally poisoned (-9 -> -41), slowed, very slow
A: antennae 1, slimy green scales 1, inhibited regeneration, spiny 1
a: Renounce Religion


You were on level 6 of the Dungeon.
You worshipped Ru.
Ru was noncommittal.
You were not hungry.

You visited 1 branch of the dungeon, and saw 6 of its levels.

You collected 294 gold pieces.
You spent 60 gold pieces at shops.

Inventory:

Hand Weapons
 a - a +0 quarterstaff (weapon)
Missiles
 d - 3 throwing nets (quivered) {!f}
Armour
 h - a +0 chain mail (worn)
 t - a +0 cloak (worn)
Magical Staves
 y - an uncursed staff of power {unknown}
Jewellery
 n - an uncursed ring of protection from magic {unknown}
Wands
 k - a wand of flame (13)
 o - a wand of disintegration (17)
 x - a wand of iceblast (12)
Scrolls
 f - 11 scrolls of identify {unknown}
 i - a scroll of enchant weapon {unknown}
 j - 3 scrolls of teleportation {unknown}
 q - a scroll of remove curse {unknown}
 r - a scroll of enchant armour {unknown}
 w - 2 scrolls of immolation {unknown}
 z - a scroll of magic mapping {unknown}
 A - a scroll of fog {unknown}
Potions
 c - a potion of lignification {unknown}
 g - a potion of mutation {unknown}
 l - a potion of cancellation {unknown}
 m - 2 potions of agility {unknown}
 p - a potion of resistance {unknown}
 s - a potion of brilliance {unknown}
 u - a potion of magic {unknown}
 v - a potion of degeneration {unknown}
 B - a potion of haste {unknown}
 C - a potion of berserk rage {unknown}
 E - a potion of curing {unknown}
Comestibles
 b - 2 chunks of flesh
 e - 8 rations {!d}


   Skills:
 + Level 5.2 Fighting
 * Level 6.8 Staves
 + Level 4.5 Throwing
 - Level 0.7 Armour
 + Level 5.2 Dodging


You had 7 spell levels left.
You didn't know any spells.
Your spell library was empty.

Dungeon Overview and Level Annotations

Branches:
Dungeon (6/12)
 Temple: D:4-7

Altars:
Cheibriados
Dithmenos
Elyvilon
Nemelex Xobeh
Qazlal
Ru
Sif Muna
Trog
Wu Jian
Yredelemnul
Zin

Shops:
D:4 *


Innate Abilities, Weirdness & Mutations

You have a pair of small antennae on your head.
You are partially covered in slimy green scales. (AC +2)
You do not regenerate when monsters are visible.
You are partially covered in sharp spines.


Message History

You barely miss the freezing wraith.
The freezing wraith is lightly damaged.
The green ugly thing is struck by your spines.
The green ugly thing barely misses you.
The freezing wraith hits you but does no damage.
The freezing wraith closely misses you.
The green ugly thing is struck by your spines.
The green ugly thing tail-slaps you!
* * * LOW HITPOINT WARNING * * *
You are lethally poisoned!
The green ugly thing poisons you!
You hit the freezing wraith.
The freezing wraith is moderately damaged.
* * * LOW HITPOINT WARNING * * *
You feel very sick. The freezing wraith closely misses you.
The freezing wraith hits you but does no damage.
The green ugly thing is struck by your spines.
The green ugly thing tail-slaps you!
You die...

#......#o.$..#.......###.###.###
####...H.{#.....#S..............
......###[#h###.#.h.............
..........u#H.$..#...####........
........#..$..#.........#########
........#.###$#$###........
....... #..$.o#Yh..........
...........#.HHWu#......... .###
#.###@#...###... #..%..#.... ...
.....#........ .. .### #.###....
#. .. ##


You could see a green ugly thing, a freezing wraith, 2 hippogriffs, an ice
beast, an orc and a jackal.

Vanquished Creatures
  Menkaure (D:6)
  A phantom (D:5)
  4 centaurs (D:5)
  A bullfrog (D:5)
  3 scorpions
  5 crimson imps
  2 hounds
  A quasit (D:4)
  An orc priest (D:5)
  2 bullfrog skeletons (D:5)
  5 orc wizards
  An iguana (D:5)
  3 worker ants
  A hound zombie (D:5)
  A howler monkey skeleton (D:4)
  2 worker ant zombies
  4 adders
  A shadow imp (D:4)
  2 worms
  4 dart slugs
  2 leopard geckos
  30 orcs
  5 bats
  6 giant cockroaches
  9 goblins
  7 hobgoblins
  9 jackals
  11 kobolds
  2 quokkas
  A ball python (D:2)
  5 frilled lizards
  A quokka skeleton (D:4)
  4 rats
137 creatures vanquished.

Vanquished Creatures (others)
  An orc wizard (D:5)
1 creature vanquished.

Grand Total: 138 creatures vanquished

Notes
Turn   | Place    | Note
-------+----------+-------------------------------------------
     0 | D:1      | Mrkan the Demonspawn Gladiator began the quest for the Orb.
     0 | D:1      | Reached XP level 1. HP: 16/16 MP: 1/1
   221 | D:1      | Gained mutation: You are partially covered in slimy green
                  | scales. (AC +2) [demonic ancestry]
   221 | D:1      | Reached XP level 2. HP: 16/22 MP: 2/2
   410 | D:1      | Reached skill level 3 in Staves
   564 | D:1      | Reached XP level 3. HP: 27/27 MP: 3/3
  1471 | D:3      | Gained mutation: You have a pair of small antennae on your
                  | head. [demonic ancestry]
  1471 | D:3      | Reached XP level 4. HP: 17/34 MP: 4/4
  2110 | D:3      | Found a glowing silver altar of Zin.
  2125 | D:3      | Found an ornate altar of the Wu Jian Council.
  2127 | D:3      | Found a stormy altar of Qazlal.
  2127 | D:3      | Found a shimmering blue altar of Sif Muna.
  2127 | D:3      | Found a snail-covered altar of Cheibriados.
  2128 | D:3      | Found a bloodstained altar of Trog.
  2129 | D:3      | Found a basalt altar of Yredelemnul.
  2130 | D:3      | Found a sacrificial altar of Ru.
  2131 | D:3      | Found a sparkling altar of Nemelex Xobeh.
  2132 | D:3      | Found a white marble altar of Elyvilon.
  2185 | D:3      | Became a worshipper of Ru the Awakened
  2347 | D:3      | Gained mutation: You are partially covered in sharp spines.
                  | [demonic ancestry]
  2347 | D:3      | Reached XP level 5. HP: 40/40 MP: 5/5
  2611 | D:4      | Found a shadowy altar of Dithmenos.
  2696 | D:4      | Reached skill level 4 in Staves
  2820 | D:4      | Found Kavut's Assorted Antiques.
  2823 | D:4      | Bought a glowing inky potion for 30 gold pieces
  2823 | D:4      | Bought a red potion for 30 gold pieces
  3051 | D:4      | Reached XP level 6. HP: 47/47 MP: 6/6
  3427 | D:5      | Entered Level 5 of the Dungeon
  3724 | D:5      | Reached skill level 5 in Staves
  3862 | D:5      | Reached XP level 7. HP: 53/53 MP: 7/7
  4080 | D:5      | Gained mutation: You do not regenerate when monsters are
                  | visible. [Ru sacrifice]
  4301 | D:5      | Reached skill level 6 in Staves
  4317 | D:5      | Reached XP level 8. HP: 61/61 MP: 8/8
  4949 | D:5      | Reached skill level 5 in Dodging
  4995 | D:5      | Reached skill level 5 in Fighting
  5078 | D:6      | Noticed Menkaure
  5084 | D:6      | Killed Menkaure
  5092 | D:6      | Found a sparkling altar of Nemelex Xobeh.
  5510 | D:6      | Noticed a green ugly thing
  5510 | D:6      | Noticed a hippogriff
  5515 | D:6      | Noticed a hippogriff
  5520 | D:6      | Noticed a freezing wraith
  5558 | D:6      | HP: 2/62 [poisoned by a green ugly thing]
  5558 | D:6      | Mangled by a green ugly thing

Skill      XL: |  1  2  3  4  5  6  7  8 |
---------------+-------------------------+-----
Dodging        | 3 4 5 |  5.2
Staves         | 3 4 5 6 |  6.8
Throwing       | 2 3 4 |  4.5
Fighting       | 3 4 5 |  5.2
Armour         | |  0.7

Action                   |  1- 3 |  4- 6 |  7- 9 || total
-------------------------+-------+-------+-------++-------
Melee: Quarterstaff      |   140 |   184 |   122 ||   446
Invok: Sacrifice Purity  |       |       |     1 ||     1
  Eat: Chunk             |     1 |     9 |     5 ||    15
Armor: Chain mail        |   124 |   113 |    59 ||   296
       Leather armour    |     4 |       |       ||     4
Dodge: Dodged            |    63 |    83 |    75 ||   221
